 Dungeon Crawl Stone Soup version 0.30.1-11-g7821555f0a (webtiles) character file.

Game seed: 13741188849521121484

8460 lonewolfV2 the Fighter (level 11, -1/90 HPs)
             Began as a Formicid Fighter on Nov 14, 2023.
             Was a Priest of Cheibriados.
             Slain by a nine-headed hydra (6 damage)
             ... on level 10 of the Dungeon.
             The game lasted 00:16:39 (9655 turns).

lonewolfV2 the Fighter (Formicid Fighter)           Turns: 9655, Time: 00:16:40

Health: -1/90      AC: 15    Str: 36    XL:     11   Next: 56%
Magic:  16/16      EV: 17    Int: 13    God:    Cheibriados [***...]
Gold:   605        SH: 12    Dex: 27    Spells: 10/10 levels left

rFire   . . .        a - +4 war axe
rCold   . . .        t - +0 kite shield
rNeg    . . .        e - +0 chain mail
rPois   .            (helmet unavailable)
rElec   +            y - +2 cloak of the Nightingale {*Slow rElec Will+++ Regen+}
rCorr   .            f - +0 pair of gloves
SInv    +            (no boots)
Will    ++++.        C - amulet of magic regeneration Stlth
                     h - +6 ring of dexterity
HPRegen 1.15/turn    b - +6 ring of strength
MPRegen 0.55/turn

%: slow self (1%)
@: very slow
A: permanent stasis, dig shafts and tunnels, antennae 3, four strong arms
a: Dig, Shaft Self, Renounce Religion, Bend Time, Temporal Distortion


You were on level 10 of the Dungeon.
You worshipped Cheibriados.
Cheibriados was most pleased with you.
You visited 2 branches of the dungeon, and saw 11 of its levels.
You also visited: Ossuary.

You collected 605 gold pieces.

Inventory:

Hand Weapons
 a - a +4 war axe (weapon)
Missiles
 z - 2 throwing nets
Armour
 e - a +0 chain mail (worn)
 f - a +0 pair of gloves (worn)
 t - a +0 kite shield (worn)
 y - the +2 cloak of the Nightingale (worn) {*Slow rElec Will+++ Regen+}
   (You found it on level 6 of the Dungeon)

   rElec:     It insulates you from electricity.
   Regen:     It increases your rate of health regeneration.
   *Slow:     It may slow you when you take damage.
   Will:      It greatly increases your willpower.
Jewellery
 b - a +6 ring of strength (right hand)
 d - a +6 ring of dexterity
 h - a +6 ring of dexterity (left hand)
 A - a +6 ring of strength
 C - an amulet of magic regeneration (around neck)
 E - a ring of flight
Wands
 c - a wand of paralysis (4)
 o - a wand of roots (10)
 B - a wand of polymorph (1)
 F - a wand of flame (7)
 G - a wand of quicksilver (5)
Scrolls
 j - 2 scrolls of amnesia
 s - 2 scrolls of magic mapping
 u - a scroll of teleportation
 H - a scroll of identify
 I - 2 scrolls of enchant armour {unknown}
 J - a scroll of fog
Potions
 g - 2 potions of attraction
 i - 4 potions of brilliance
 k - 3 potions of haste
 l - 3 potions of mutation
 m - 4 potions of ambrosia
 n - a potion of berserk rage {unknown}
 p - 5 potions of curing
 q - 4 potions of might
 r - 3 potions of degeneration {unknown}
 v - a potion of heal wounds
 w - 2 potions of lignification
 x - 2 potions of flight
 D - 2 potions of invisibility {unknown}


   Skills:
 - Level 10.0 Fighting
 - Level 7.4 Axes
 - Level 7.3 Armour
 * Level 9.2 Dodging
 - Level 4.0 Shields
 - Level 7.3 Invocations


You had 10 spell levels left.
You didn't know any spells.
Your spell library contained the following spells:

 Spells                   Type           Power      Damage    Failure   Level
 Cigotuvi's Dreadful Rot  Necr/Pois/Air  0%         N/A       93%         2
 Ensorcelled Hibernation  Hex/Ice        0%         N/A       93%         2
 Spider Form              Tmut/Pois      0%         N/A       99%         3
 Anguish                  Hex/Necr       0%         N/A       100%        4
 Dispel Undead            Necr           0%         3d6       100%        4
 Alistair's Intoxication  Tmut/Pois      0%         N/A       100%        5
 Borgnjor's Vile Clutch   Necr/Erth      0%         N/A       100%        5
 Death Channel            Necr           0%         N/A       100%        6
 Eringya's Noxious Bog    Tmut/Pois      0%         N/A       100%        6


Dungeon Overview and Level Annotations

Branches:
Dungeon (10/15)            Temple (1/1) D:5            Lair (0/5) D:9
    Orc (0/2) D:10        Ossuary (visited)

Altars:
Ashenzari
Cheibriados
Dithmenos
Fedhas
Kikubaaqudgha
Makhleb
Okawaru
Ru
Uskayaw
Wu Jian
Zin
The Shining One

Shops:
D:5 ?=[   D:9 ?*

Annotations:
D:8 4 transporters


Innate Abilities, Weirdness & Mutations

You cannot be hasted, slowed, berserked, paralysed or teleported.
You can dig through walls and to a lower floor.
You have a pair of large antennae on your head. (SInv)
Your four strong arms can wield two-handed weapons with a shield.


Message History

Roots grab the seven-headed hydra.
The grasping roots constrict the seven-headed hydra.
The seven-headed hydra bites you but does no damage. x2
You block the seven-headed hydra's attack.
The seven-headed hydra bites you!
You block the seven-headed hydra's attack. x2
The seven-headed hydra bites you!
You slice one of the seven-headed hydra's heads off!
The six-headed hydra grows two more!
You slash the eight-headed hydra!
The eight-headed hydra is lightly wounded.
The grasping roots constrict the eight-headed hydra.
The roots release their grip on the eight-headed hydra.
The eight-headed hydra bites you.
You block the eight-headed hydra's attack. x2
The eight-headed hydra bites you!
The eight-headed hydra bites you but does no damage.
The eight-headed hydra barely misses you.
The eight-headed hydra bites you but does no damage. x2
The eight-headed hydra bites you. The eight-headed hydra misses you.
The eight-headed hydra bites you.
* * * LOW HITPOINT WARNING * * *
You block the eight-headed hydra's attack.
The eight-headed hydra barely misses you.
The eight-headed hydra bites you.
* * * LOW HITPOINT WARNING * * *
The eight-headed hydra barely misses you.
The eight-headed hydra closely misses you.
You slice one of the eight-headed hydra's heads off!
The seven-headed hydra grows two more!
You slice the nine-headed hydra!!
The nine-headed hydra is moderately wounded.
You are no longer corroded.
The nine-headed hydra closely misses you.
The nine-headed hydra bites you!
* * * LOW HITPOINT WARNING * * *
You block the nine-headed hydra's attack.
The nine-headed hydra barely misses you. x2
The nine-headed hydra bites you!
* * * LOW HITPOINT WARNING * * *
The nine-headed hydra bites you.
You die...

#.##...##
#####.#.....#
#.....'.D...+
#.8##.#.....#
#.#...# ..D##
#.8.#.# ...#
#.#.#.# .##
#.8.#D# .# {
#...#@###+###!
{
#.8.#.#.....#
#.#.#.##...##
#.8.#.#.....#
#
#.#...##...##
#
#.8##.#.....#
#
#.....'.....+
#
#####.#.....#
#
#...#)##...##
#


You could see a nine-headed hydra.

Vanquished Creatures
  3 two-headed ogres
  An ugly thing (D:10)
  The ghost of chicagocrazy the Sneak, a novice OpTm (D:4)
  A komodo dragon (D:9)
  A troll (D:10)
  Grinder (D:6)
  A shadow (D:9)
  2 wyverns
  8 yaks
  Eustachio (D:6)
  A wraith (D:9)
  2 steam dragons
  3 water moccasins
  An orc warrior (D:7)
  A black bear (D:4)
  An ogre (D:5)
  A centaur (D:7)
  A phantom (D:4)
  5 kobold brigands
  6 bullfrogs
  An elf zombie (Ossuary)
  2 gnoll sergeants
  2 scorpions
  3 wights (D:6)
  5 killer bees (D:8)
  A howler monkey (D:8)
  2 jellies
  4 quasits (D:4)
  3 orc priests
  2 hounds
  2 gnoll boudas
  An iguana (D:5)
  2 sleepcaps (D:5)
  6 orc wizards
  3 mummies (Ossuary)
  19 gnolls
  6 adders
  2 ufetubi
  3 adder zombies (Ossuary)
  2 worms (D:3)
  4 dart slugs
  36 orcs
  7 ball pythons
  3 bats (D:1)
  10 endoplasms
  6 giant cockroaches
  A gnoll zombie (Ossuary)
  4 hobgoblins (D:1)
  2 jackals (D:1)
  A quokka (D:1)
  2 frilled lizards
  2 goblins
  A goblin zombie (Ossuary)
  2 hobgoblin zombies (Ossuary)
  27 kobolds
  6 kobold zombies (Ossuary)
  An orc zombie (Ossuary)
  4 rats
  3 rat zombies (Ossuary)
235 creatures vanquished.

Vanquished Creatures (others)
  An orc wizard (D:5)
  An orc (D:9)
2 creatures vanquished.

Grand Total: 237 creatures vanquished

Notes
Turn   | Place    | Note
-------+----------+-------------------------------------------
     0 | D:1      | lonewolfV2 the Formicid Fighter began the quest for the
                  | Orb.
     0 | D:1      | Reached XP level 1. HP: 18/18 MP: 1/1
    53 | D:1      | Reached XP level 2. HP: 25/25 MP: 2/2
   111 | D:1      | Reached skill level 4 in Fighting
   344 | D:1      | Found a faded altar of an unknown god.
   417 | D:1      | Reached XP level 3. HP: 19/31 MP: 3/3
   889 | D:2      | Reached skill level 5 in Fighting
   889 | D:2      | Reached XP level 4. HP: 39/39 MP: 4/4
  1321 | D:3      | Reached XP level 5. HP: 27/46 MP: 5/5
  1418 | D:3      | Reached skill level 6 in Fighting
  1676 | D:3      | Reached XP level 6. HP: 42/53 MP: 6/6
  1677 | D:3      | Reached skill level 7 in Fighting
  2345 | D:4      | Noticed a black bear
  2353 | D:4      | Killed a black bear
  2393 | D:4      | Found a transporter.
  2396 | D:4      | Noticed chicagocrazy's ghost (novice OpTm)
  2428 | D:4      | Found a transporter.
  2475 | D:4      | Reached XP level 7. HP: 51/60 MP: 7/7
  2513 | D:4      | Killed chicagocrazy's ghost
  2514 | D:4      | Reached skill level 5 in Dodging
  2514 | D:4      | Reached XP level 8. HP: 18/67 MP: 8/8
  2521 | D:4      | HP: 3/67 [poisoned by chicagocrazy's ghost]
  3336 | D:5      | Entered Level 5 of the Dungeon
  3336 | D:5      | Found Osinlam's Magic Scroll Emporium.
  3336 | D:5      | Found Uprutael's Antique Weapon Emporium.
  3336 | D:5      | Found Ufoug's Jewellery Emporium.
  3479 | D:5      | Found a staircase to the Ecumenical Temple.
  3652 | D:5      | Found Kusogumo's Antique Armour Shoppe.
  3689 | D:5      | You fall into a shaft and drop 2 floors!
  4331 | D:6      | Reached XP level 9. HP: 9/72 MP: 9/9
  4584 | D:6      | Found a sand-covered staircase.
  4589 | Ossuary  | Entered an ossuary
  5277 | D:6      | Identified the +2 cloak of the Nightingale {*Slow rElec
                  | Will+++ Regen+}
  5299 | D:6      | Noticed Grinder
  5329 | D:6      | Killed Grinder
  5330 | D:6      | Reached skill level 5 in Armour
  5512 | D:6      | Noticed Eustachio
  5564 | D:6      | Killed Eustachio
  5736 | Temple   | Entered the Ecumenical Temple
  5903 | Temple   | Became a worshipper of Cheibriados the Contemplative
  6876 | D:7      | Reached * piety under Cheibriados
  6877 | D:7      | Reached XP level 10. HP: 79/79 MP: 10/10
  6912 | D:7      | Found a blossoming altar of Fedhas.
  6912 | D:7      | Found a sacrificial altar of Ru.
  7136 | D:8      | Reached skill level 5 in Axes
  7304 | D:8      | Noticed a two-headed ogre
  7316 | D:8      | Killed a two-headed ogre
  7642 | D:8      | Reached skill level 1 in Invocations
  7931 | D:8      | Found a transporter.
  7932 | D:8      | Found a transporter.
  7935 | D:8      | Found a transporter.
  7996 | D:8      | Found a transporter.
  8335 | D:9      | Noticed a komodo dragon
  8347 | D:9      | Reached ** piety under Cheibriados
  8348 | D:9      | Reached skill level 5 in Invocations
  8348 | D:9      | Killed a komodo dragon
  8486 | D:9      | Reached XP level 11. HP: 71/84 MP: 16/16
  8538 | D:9      | Found a staircase to the Lair.
  8638 | D:9      | Found Akaeqoh's Magic Scroll Shop.
  8903 | D:9      | Found Xiwu Pye's Assorted Antiques.
  9076 | D:10     | Entered Level 10 of the Dungeon
  9086 | D:10     | Found a staircase to the Orcish Mines.
  9100 | D:10     | Reached skill level 8 in Fighting
  9141 | D:10     | Reached *** piety under Cheibriados
  9154 | D:10     | Reached skill level 9 in Fighting
  9248 | D:10     | Noticed a two-headed ogre
  9258 | D:10     | Killed a two-headed ogre
  9259 | D:10     | Reached skill level 10 in Fighting
  9383 | D:10     | Noticed a two-headed ogre
  9393 | D:10     | Killed a two-headed ogre
  9636 | D:10     | Noticed a brown ugly thing
  9636 | D:10     | Noticed a seven-headed hydra
  9652 | D:10     | Killed a brown ugly thing
  9655 | D:10     | Slain by a nine-headed hydra

Illustrated notes

Levels and vault maps discovered:
D:1:      lightli_arrival_quake, layout_basic,
          shapermc_ecumenical_altar_totnotflames
D:2:      layout_rooms
D:3:      layout_loops_ring
D:4:      layout_basic, gammafunk_ghost_stat_death
D:5:      layout_loops_cross, temple_statues, nicolae_stop_n_shop_1,
          nicolae_shop_distant_corner_stores
D:6:      layout_basic, portal_sewer_entry_d,
          nicolae_ossuary_entry_false_entrances, uniq_grinder, uniq_eustachio
D:7:      minmay_general_purpose_star, layout_loops_cross,
          gammafunk_temple_overflow_elements
D:8:      layout_basic, nicolae_diode_quadrants
D:9:      layout_gridville, david_lair_shrubbed, serial_shops,
          nicolae_shop_getting_attention, nicolae_shop_behind_doors
D:10:     wad_arrow_thing, layout_basic, uniq_erolcha
Temple:   mainiacjoe_temple_big_plus

Skill      XL: |  1  2  3  4  5  6  7  8  9 10 11 |
---------------+----------------------------------+-----
Fighting       | 4 5 6 7 10 | 10.0
Dodging        | 3 5 7 8 9 |  9.2
Armour         | 7 |  7.3
Axes           | 4 7 |  7.4
Invocations    | 7 |  7.3
Shields        | |  4.0

Action                     |  1- 3 |  4- 6 |  7- 9 | 10-12 || total
---------------------------+-------+-------+-------+-------++-------
  Melee: War axe           |    67 |   108 |   314 |   205 ||   694
  Evoke: Wand              |       |       |     2 |     1 ||     3
    Use: Scroll            |     3 |     7 |     7 |     5 ||    22
         Potion            |       |       |     4 |       ||     4
 Armour: Scale mail        |    10 |       |       |       ||    10
         Chain mail        |    38 |    53 |   226 |    96 ||   413
  Dodge: Dodged            |    28 |    37 |   349 |   159 ||   573
  Block: Buckler           |    28 |    31 |   171 |       ||   230
         Kite shield       |       |       |    18 |   181 ||   199
